cohdb
Replays
Latest Replays
All Replays
Popular Replays
Top Player Replays
Match Explorer
How It Works
Community
CoH3 Stats
Reddit
Sign in to upload your games and track your stats! →
Sign in with Steam
Match 39939564
Unlisted
Match 39939564
Overview
Messages
Build Orders
End
Construct Section Command Post
Infantry Section
Selects Canadian Shock Battlegroup
Infantry Section
ML 3-inch Mortar Team
Grenade Package
ML 3-inch Mortar Team
Selects Attacking Spirit
Selects Canadian Shock Section
ML 3-inch Mortar Team
Selects Incendiary Munitions
Infantry Section
Construct Platoon Command Post
CMP 15cwt Truck
6-pounder Anti-tank Gun Team
Infantry Training
Canadian Shock Section
Selects Smoke Operation
Smoke Operation
Infantry Section
Construct Company Command Post
Selects Pyrotechnics
Matilda II Heavy Tank
Matilda II Heavy Tank
6-pounder Anti-tank Gun Team
Infantry Section
Matilda II Heavy Tank
Armored Vehicle Training
Royal Engineer Section
Matilda II Heavy Tank
Infantry Section
Smoke Operation
Selects Churchill Crocodile Heavy Tank
Royal Engineer Section
Matilda II Heavy Tank
Matilda II Heavy Tank
Royal Engineer Section
Infantry Section
marwit
Instinct18
gen. Edward Rydz-Śmigły
Protek
Imperiale
SchnellSchuh5000
Madfox
PIGEONS ARE FBI DRONES
0
0
Comments
sign in to comment!
No comments posted yet!